 Dungeon Crawl Stone Soup version 0.28-a0-631-g0446da8ef9 (webtiles) character file.

Game seed: 9076991346749318350

109 Astera the Slasher (level 4, -1/37 HPs)
             Began as a Barachi Fighter on Oct 10, 2021.
             Was a Follower of Cheibriados.
             Slain by Terence (4 damage)
             ... on level 3 of the Dungeon.
             The game lasted 00:07:10 (2340 turns).

Astera the Slasher (Barachi Fighter)                Turns: 2340, Time: 00:07:11

Health: -1/37      AC:  7    Str: 20    XL:     4   Next: 89%
Magic:  4/4        EV: 10    Int: 12    God:    Cheibriados [*.....]
Gold:   107        SH:  5    Dex: 15    Spells: 3/3 levels left

rFire   . . .      SeeInvis .   a - +0 long sword
rCold   . . .      Faith    .   c - +0 buckler
rNeg    . . .      Spirit   .   b - +0 scale mail
rPois   .          Reflect  .   (no helmet)
rElec   .          Harm     .   (no cloak)
rCorr   .          Rampage  .   (no gloves)
Will    .....                   (no boots)
Stlth   ..........              (no amulet)
HPRegen 0.12/turn               (no ring)
MPRegen 0.09/turn               (no ring)

@: very slow
A: amphibious, slowness 1, strong legs 1, +LOS
a: Hop, Renounce Religion, Bend Time


You were on level 3 of the Dungeon.
You worshipped Cheibriados.
Cheibriados was aware of your devotion.
You visited 1 branch of the dungeon, and saw 3 of its levels.

You collected 107 gold pieces.

Inventory:

Hand Weapons
 a - a +0 long sword (weapon)
Armour
 b - a +0 scale mail (worn)
 c - a +0 buckler (worn)
Scrolls
 e - a scroll of enchant armour
 f - a scroll of identify


   Skills:
 + Level 4.1 Fighting
 + Level 4.4 Long Blades
 + Level 4.0 Armour
 + Level 2.1 Dodging
 + Level 3.3 Shields


You had 3 spell levels left.
You didn't know any spells.
Your spell library was empty.

Dungeon Overview and Level Annotations

Branches:
Dungeon (3/15)

Altars:
Cheibriados

Annotations:
D:3 Terence


Innate Abilities, Weirdness & Mutations

You are amphibious.
You cover ground slowly.
You can hop short distances.
You have an extended range of vision and can be seen from far away.


Message History

You closely miss Terence.
Terence is lightly wounded.
Terence hits you with a +2 vorpal mace.
You closely miss Terence.
Terence is lightly wounded.
Terence hits you with a +2 vorpal mace. Terence hits you but does no damage.
You closely miss Terence.
Terence is lightly wounded.
Terence barely misses you.
You hit Terence but do no damage.
Terence is lightly wounded.
You block Terence's attack.
You closely miss Terence.
Terence is lightly wounded.
Terence hits you but does no damage.
You closely miss Terence.
Terence is lightly wounded.
Terence hits you but does no damage.
You barely miss Terence.
Terence is lightly wounded.
You block Terence's attack. Terence hits you with a +2 vorpal mace.
You hit Terence but do no damage.
Terence is lightly wounded.
Terence hits you with a +2 vorpal mace!
* * * LOW HITPOINT WARNING * * *
x2 It was a potion of curing.
You feel better. Terence barely misses you.
You hit Terence but do no damage.
Terence is lightly wounded.
Terence hits you with a +2 vorpal mace.
You slash Terence!
Terence is heavily wounded.
Terence closely misses you.
You hit Terence.
Terence is severely wounded.
Terence hits you with a +2 vorpal mace!
* * * LOW HITPOINT WARNING * * *
x2 Terence hits you but does no damage.
It was a potion of magic.
Magic courses through your body. Terence hits you with a +2 vorpal mace.
You die...

#...........#
#..................
##>..#....#.#
#.[..........######
#####.####.#
#............# #. #..#
#.# #............### #.
#.##
#.###..............# #.
#.
#............รท###...##.
#####.........# #.....
#.........# .....
##@.......# ####.
#@.......# ###..#......
#..........(
#.........##
#...)...#### ....?....#
............
...###......###


You could see Terence.

Vanquished Creatures
  Ijyb (D:2)
  2 adders
  2 worms
  3 dart slugs
  4 endoplasms
  A giant cockroach (D:1)
  6 goblins
  6 hobgoblins
  3 jackals (D:1)
  5 quokkas
  4 ball pythons
  3 bats
  2 frilled lizards (D:1)
  4 kobolds
  8 rats
54 creatures vanquished.

Notes
Turn   | Place    | Note
-------+----------+-------------------------------------------
     0 | D:1      | Astera the Barachi Fighter began the quest for the Orb.
     0 | D:1      | Reached XP level 1. HP: 18/18 MP: 1/1
    67 | D:1      | Reached XP level 2. HP: 12/25 MP: 2/2
   542 | D:1      | Reached XP level 3. HP: 24/30 MP: 3/3
   866 | D:2      | Reached skill level 1 in Dodging
   951 | D:2      | Found a faded altar of an unknown god.
   959 | D:2      | Became a worshipper of Cheibriados the Contemplative
   959 | D:2      | Reached * piety under Cheibriados
  1387 | D:3      | Noticed Ijyb
  1397 | D:2      | Reached XP level 4. HP: 15/37 MP: 4/4
  1621 | D:2      | Killed Ijyb
  2322 | D:3      | Noticed Terence
  2340 | D:3      | Slain by Terence

Illustrated notes

Levels and vault maps discovered:
D:1:      giann_horns, layout_rooms
D:2:      layout_rooms, shapermc_ecumenical_altar_starsandcircs
D:3:      minmay_evil_eye, layout_rooms, nzn_wu_jian_council_hall, uniq_ijyb,
          uniq_terence

Skill      XL: |  1  2  3  4 |
---------------+-------------+-----
Long Blades    | 3 4 |  4.4
Fighting       | 4 |  4.1
Dodging        | 1 2 |  2.1
Armour         | 4 |  4.0
Shields        | |  3.3

Action                   |  1- 3 |  4- 6 || total
-------------------------+-------+-------++-------
Melee: Long sword        |   129 |    68 ||   197
 Abil: Hop               |       |     1 ||     1
  Use: Potion            |       |     3 ||     3
       Scroll            |       |     2 ||     2
Armor: Scale mail        |    65 |    31 ||    96
Dodge: Dodged            |    72 |    36 ||   108
Block: Buckler           |    30 |    19 ||    49

Table legend: (Time is in decaauts)
 A = Elapsed time spent in this place.
 B = Non-inter-level travel time spent in this place.
 C = Inter-level travel time spent in this place.
 D = Time resting spent in this place.
 E = Time spent auto-exploring this place.
 F = Levels seen in this place.
 G = Mean time per level.
                   A        B        C        D        E       F      G
               +--------+--------+--------+--------+--------+-----+--------+
         Total |   2887 |   2718 |    169 |    568 |   1106 |   3 |  962.3 |
       Dungeon |   2887 |   2718 |    169 |    568 |   1106 |   3 |  962.3 |
               +--------+--------+--------+--------+--------+-----+--------+

Top non-repeatable levels by time:
     D:2: 1399 daAuts
     D:1: 945 daAuts
     D:3: 541 daAuts
